 Dungeon Crawl Stone Soup version 0.21.1-1-g345015f (webtiles) character file.

126 Iko the Firebug (level 4, -1/39 HPs)
             Began as a Troll Fire Elementalist on May 5, 2018.
             Slain by Sigmund
             ... wielding a +0 scythe
              (11 damage)
             ... on level 3 of the Dungeon.
             The game lasted 00:05:52 (451 turns).

Iko the Firebug (Troll Fire Elementalist)            Turns: 451, Time: 00:05:53

Health: -1/39      AC:  6    Str: 13 (16) XL:     4   Next: 83%
Magic:  4/5        EV: 10    Int:  9 (11) God:
Gold:   13         SH:  0    Dex:  8 (11) Spells: 5/6 levels left

rFire    . . .     SeeInvis .   d - -2 giant club (curse)
rCold    . . .     Gourm    +   (shield currently unavailable)
rNeg     . . .     Faith    .   a - +1 robe
rPois    .         Spirit   .   (helmet restricted)
rElec    .         Reflect  .   (no cloak)
rCorr    .         Harm     .   (gloves unavailable)
MR       .....                  (boots unavailable)
Stlth    +.........             (no amulet)
HPRegen  0.53/turn              (no ring)
MPRegen  0.09/turn              (no ring)

@: no status effects
A: large, unfitting armour, claws 3, fast metabolism 3, gourmand, regeneration
1, shaggy fur 1, tough skin 2
a: no special abilities


You were on level 3 of the Dungeon.
You were not hungry.

You visited 1 branch of the dungeon, and saw 3 of its levels.

You collected 13 gold pieces.

Inventory:

Hand Weapons
 d - a cursed -2 giant club (weapon)
Armour
 a - a +1 robe (worn)
Books
 b - a book of Flames

   Spells                             Type                      Level
   a - Flame Tongue                   Conjuration/Fire             1
   b - Throw Flame                    Conjuration/Fire             2
   c - Conjure Flame                  Conjuration/Fire             3
   d - Inner Flame                    Hexes/Fire                   3
   e - Sticky Flame                   Conjuration/Fire             4
   f - Fireball                       Conjuration/Fire             5
Comestibles
 c - 2 rations


   Skills:
 + Level 0.1 Fighting
 + Level 0.2 Maces & Flails
 + Level 2.1 Dodging
 + Level 1.3 Stealth
 + Level 1.0 Unarmed Combat
 + Level 1.7 Spellcasting
 + Level 1.0 Conjurations
 + Level 3.1 Fire Magic


You had 5 spell levels left.
You knew the following spells:

 Your Spells              Type           Power        Failure   Level  Hunger
a - Flame Tongue          Conj/Fire      #....        14%         1    ##.....


Dungeon Overview and Level Annotations

Branches:
Dungeon (3/15)

Altars:

Annotations:
D:3 Sigmund


Innate Abilities, Weirdness & Mutations

You are too large for most types of armour.
You have claws for hands.
Your metabolism is lightning-fast.
You like to eat raw meat.
Your natural rate of healing is unusually fast.
You are covered in fur. (AC +1)
You have very tough skin. (AC +2)


Message History

Found a bone ring.
Something hits you!
A ball python comes into view.
The ball python hisses angrily.
Something hits you.
Found an escape hatch in the ceiling.
Something completely misses you.
You barely miss the ball python. The ball python closely misses you.
Something hits you!
* * * LOW HITPOINT WARNING * * *
The ball python barely misses you.
Casting: Flame Tongue
Confirm with . or Enter, or press ? or * to list all spells.
Aiming: Flame Tongue
Press: ? - help, Shift-Dir - straight line, f - ball python
Aim: a ball python The flame tongue hits the ball python.
You kill the ball python!
Something hits you!
You die...

########## #####
##...##...## #...#
#..........####...#
..................#
............###...#
............# #.@=#
#.......................
##...#....#######.######
.)†..#.#### .# ..#....#
.# #......# ..
####...... #< #..).#.#
.# #.#......


There were no monsters in sight!

Vanquished Creatures
  An ogre (D:3)
  A worker ant (D:3)
  An adder (D:2)
  A dart slug (D:3)
  A giant cockroach (D:3)
  A goblin (D:3)
  A hobgoblin (D:2)
  2 jackals (D:3)
  A ball python (D:3)
  A frilled lizard (D:3)
  A rat (D:2)
12 creatures vanquished.

Notes
Turn   | Place    | Note
-------+----------+-------------------------------------------
     0 | D:1      | Iko the Troll Fire Elementalist began the quest for the Orb.
     0 | D:1      | Reached XP level 1. HP: 16/16 MP: 1/1
   172 | D:2      | Learned a level 1 spell: Flame Tongue
   229 | D:2      | Reached XP level 2. HP: 16/24 MP: 0/3
   273 | D:3      | Noticed an ogre
   326 | D:3      | HP: 1/24 [ogre/giant club (12)]
   327 | D:3      | Killed an ogre
   327 | D:3      | Reached skill level 1 in Conjurations
   327 | D:3      | Reached skill level 3 in Fire Magic
   327 | D:3      | Reached XP level 3. HP: 1/31 MP: 0/4
   327 | D:3      | Reached XP level 4. HP: 2/39 MP: 0/5
   408 | D:3      | Reached skill level 1 in Unarmed Combat
   442 | D:3      | Noticed Sigmund
   451 | D:3      | Slain by Sigmund

Skill      XL: |  1  2  3  4 |
---------------+-------------+-----
Dodging        | 2 |  2.1
Conjurations   | 1 |  1.0
Fire Magic     | 3 |  3.1
Unarmed Combat | 1 |  1.0
Fighting       | |  0.1
Maces & Flails | |  0.2
Stealth        | |  1.3
Spellcasting   | |  1.7

Action                   |  1- 3 |  4- 6 || total
-------------------------+-------+-------++-------
Melee: Unarmed           |    20 |       ||    20
       Giant club        |       |    16 ||    16
 Cast: Flame Tongue      |     8 |     2 ||    10
  Use: Scroll            |     5 |     1 ||     6
       Potion            |     2 |     1 ||     3
  Eat: Ration            |       |     1 ||     1
Armor: Robe              |     9 |     6 ||    15
Dodge: Dodged            |    12 |    17 ||    29
